AoeStats
← ask

Hideout

508490575Analyzed
1v1 RM · 25d ago on Sep 22, 2026· 41m 30s· 2 players
Game mode
Random Map
Map size
Tiny (2 player)
Population
200
Speed
Normal
Resources
Standard
Victory
Conquest
Starting age
Dark Age
Ending age
Imperial Age
RankedLock teamsTeams togetherTeam positionsShared explorationLock speedFull tech treeHidden civsTurbo modeCheats
Victory
Defeat
🇧🇷 Magyars · Brazil
1913
+14
vs
🇲🇽 Tupi · Mexico
1862
-14
VL Droga0
9:55 Feudal Age
14:52 Double-Bit Axe
17:23 Castle Age
16:53 Double-Bit Axe
16:49 Horse Collar
18:20 Loom
18:48 Bow Saw
18:34 Fletching
22:04 Bodkin Arrow
23:53 Pikeman
24:34 Scale Mail Armor
25:37 Squires
30:53 Champi Runner
31:50 Chain Mail Armor
31:51 Forging
31:53 Champi Warrior
40:54 Padded Archer Armor
ask
8:52 Feudal Age
8:58 Man-at-Arms
9:25 Double-Bit Axe
10:07 Arson
11:19 Horse Collar
19:09 Castle Age
18:39 Scale Barding Armor
19:15 Loom
19:11 Light Cavalry
20:04 Bloodlines
20:47 Husbandry
22:22 Bow Saw
25:34 Wheelbarrow
25:05 Town Watch
28:46 Hand Cart
28:55 Heavy Plow
29:16 Fervor
32:34 Chain Barding Armor
32:13 Gold Mining
34:44 Ballistics
41:23 Imperial Age
41:11 Fervor
41:24 Cavalier
42:42 Plate Barding Armor
Connection lost

Rejoining the realm…

Still unreachable

The connection could not be restored.

Session expired

The server has moved on; the page needs a fresh start.